 Dungeon Crawl Stone Soup version 0.24.0-13-gcf9b319 (webtiles) character file.

Game seed: 17105092220253289941, levelgen mode: deterministic

828 DillCornMoon the Basher (level 7, -7/41 HPs)
             Began as a Gargoyle Fighter on Dec 20, 2019.
             Was a Follower of Wu Jian.
             Killed by divine providence
             ... invoked by an orc priest
              (14 damage)
             ... on level 6 of the Dungeon.
             The game lasted 00:09:46 (4377 turns).

DillCornMoon the Basher (Gargoyle Fighter)          Turns: 4377, Time: 00:09:46

Health: -7/41      AC: 14    Str: 21    XL:     7   Next: 97%
Magic:  7/7        EV:  5    Int:  9    God:    Wu Jian [*.....]
Gold:   352        SH:  9    Dex:  9    Spells: 6/6 levels left

rFire    . . .     SeeInvis .   a - +0 flail
rCold    + . .     Gourm    .   c - +0 shield
rNeg     + . .     Faith    .   g - +0 chain mail {rC+}
rPois    ∞         Spirit   .   (no helmet)
rElec    +         Reflect  .   (no cloak)
rCorr    +         Harm     .   (no gloves)
MR       .....                  (no boots)
Stlth    ..........             (no amulet)
HPRegen  0.13/turn              B - ring of resist corrosion
MPRegen  0.10/turn              (no ring)

@: no status effects
A: negative energy resistance 1, electricity resistance, unbreathing,
petrification resistance, rot immunity, AC +4
a: Renounce Religion


You were on level 6 of the Dungeon.
You worshipped Wu Jian.
Wu Jian was aware of your devotion.
You were not hungry.

You visited 2 branches of the dungeon, and saw 7 of its levels.

You collected 352 gold pieces.

Inventory:

Hand Weapons
 a - a +0 flail (weapon)
 q - a -3 war axe
 y - a +0 whip
 C - a -2 spear
Armour
 b - a +0 scale mail
 c - a +0 shield (worn)
 g - a +0 chain mail of cold resistance (worn)
Jewellery
 B - a ring of resist corrosion (left hand)
Scrolls
 e - a scroll of teleportation
 h - 3 scrolls of immolation
 i - 2 scrolls of noise {unknown}
 m - a scroll of remove curse
 o - 3 scrolls of identify {unknown}
 s - 2 scrolls of enchant armour {unknown}
 u - a scroll of magic mapping {unknown}
 v - 3 scrolls of fog {unknown}
 w - a scroll of blinking {unknown}
Potions
 d - 2 potions of might
 j - 2 potions of brilliance {unknown}
 k - 2 potions of magic {unknown}
 l - 3 potions of curing {unknown}
 n - a potion of invisibility {unknown}
 p - 2 potions of berserk rage {unknown}
 r - a potion of mutation {unknown}
 t - a potion of agility {unknown}
 x - a potion of ambrosia {unknown}
 A - a potion of heal wounds {unknown}
Comestibles
 f - 6 rations
 z - 8 chunks of flesh


   Skills:
 - Level 3.5 Fighting
 * Level 8.7 Maces & Flails
 - Level 3.3 Armour
 + Level 0.3 Stealth
 - Level 3.6 Shields


You had 6 spell levels left.
You didn't know any spells.
Your spell library contained the following spells:

 Spells                   Type           Power        Failure   Level  Hunger
 Sting                    Conj/Pois      #...         100%        1    ##.....
 Poisonous Vapours        Pois/Air       #.....       100%        2    ###....
 Mephitic Cloud           Conj/Pois/Air  #.......     100%        3    ####...
 Olgreb's Toxic Radiance  Pois           #.......     100%        4    #####..
 Venom Bolt               Conj/Pois      #.........   100%        5    ######.


Dungeon Overview and Level Annotations

Branches:
Dungeon (6/15)             Temple (1/1) D:4

Altars:
Fedhas
Gozag
Makhleb
Wu Jian
Xom


Innate Abilities, Weirdness & Mutations

You are resistant to torment.
Your stone body is resilient. (AC +4)
You are immune to poison.
You resist negative energy. (rN+)
You are resistant to electric shocks. (rElec)
You can survive without breathing.
You are immune to petrification.
You are immune to rotting.


Message History

The orc priest hits you but does no damage.
The orc hits you but does no damage.
You closely miss the orc priest.
The orc priest is moderately wounded.
You block the orc priest's attack. The orc closely misses you.
You closely miss the orc priest.
The orc priest is moderately wounded.
The orc priest invokes the aid of Beogh against you.
Beogh smites you!
* * * LOW HITPOINT WARNING * * *
You closely miss the orc priest.
The orc priest is moderately wounded.
The orc hits you but does no damage.
The orc priest hits you but does no damage.
You hit the orc priest but do no damage.
The orc priest is moderately wounded.
The orc hits you but does no damage.
The orc priest invokes the aid of Beogh against you.
Beogh smites you!
You die...

....#.. .# ..?#$####.# .
....#....## .. ..........
........... #.........
.a.. .....######.........
..........##.<)..........
.....#.....#.######+#####
...h........@o.#
o........#o#....#
#...............
+..<..#.........
##..............
#....!.........
.........##.##+
........#.# .. #......o.#
#


You could see an orc priest and an orc.

Vanquished Creatures
  2 bullfrogs
  2 howler monkeys
  2 crimson imps (D:5)
  3 orc wizards
  A gnoll shaman (D:5)
  2 orc priests
  A bullfrog skeleton (D:4)
  3 iguanas
  A worker ant (D:6)
  A hound skeleton (D:4)
  4 gnolls (D:5)
  10 adders
  An ooze (D:4)
  An adder skeleton (D:5)
  2 worms
  4 dart slugs
  4 leopard geckos
  4 orcs
  9 bats
  4 giant cockroaches
  8 hobgoblins
  16 jackals
  2 quokkas
  4 ball pythons
  6 frilled lizards
  3 goblins
  4 kobolds
  A leopard gecko zombie (D:5)
  11 rats
116 creatures vanquished.

Notes
Turn   | Place    | Note
-------+----------+-------------------------------------------
     0 | D:1      | DillCornMoon the Gargoyle Fighter began the quest for the
                  | Orb.
     0 | D:1      | Reached XP level 1. HP: 14/14 MP: 1/1
   242 | D:1      | Reached XP level 2. HP: 17/19 MP: 2/2
   610 | D:1      | Reached XP level 3. HP: 22/23 MP: 3/3
   900 | D:1      | Reached skill level 3 in Maces & Flails
  1479 | D:2      | Reached XP level 4. HP: 20/28 MP: 4/4
  1716 | D:2      | Reached skill level 4 in Maces & Flails
  2278 | D:3      | Reached XP level 5. HP: 18/32 MP: 5/5
  2299 | D:3      | Reached skill level 5 in Maces & Flails
  2882 | D:3      | Found a blossoming altar of Fedhas.
  2938 | D:4      | Found a staircase to the Ecumenical Temple.
  2942 | Temple   | Entered the Ecumenical Temple
  2952 | Temple   | Became a worshipper of the Wu Jian Council
  2998 | D:4      | HP: 1/32 [iguana (3)]
  2999 | D:4      | Reached XP level 6. HP: 1/37 MP: 6/6
  3058 | D:4      | Reached skill level 6 in Maces & Flails
  3517 | D:5      | Entered Level 5 of the Dungeon
  3649 | D:5      | Reached skill level 7 in Maces & Flails
  3649 | D:5      | Reached XP level 7. HP: 37/41 MP: 7/7
  4027 | D:5      | Found a shimmering altar of Xom.
  4263 | D:5      | Reached skill level 8 in Maces & Flails
  4320 | D:6      | Reached * piety under Wu Jian
  4377 | D:6      | Killed from afar by an orc priest

Levels and vault maps discovered:
D:1:      onia_arrival_handbag, layout_loops_corners,
          minmay_misc_feat_nine_boxes
D:2:      layout_basic
D:3:      cheibrodos_pilgrimage, layout_loops_corners, fedhas_altar_4
D:4:      layout_basic, temple_doors_cd, grunt_decor_one_mirror,
          minmay_box_of_dots
D:5:      layout_loops_ring, first_ration, xom_teletrap_fun
D:6:      layout_basic, chequers_serial_rivers_small_b
Temple:   eino_wide_crystal_templ

Skill      XL: |  1  2  3  4  5  6  7 |
---------------+----------------------+-----
Maces & Flails | 3 4 5 7 8 |  8.7
Fighting       | |  3.5
Armour         | |  3.3
Stealth        | |  0.3
Shields        | |  3.6

Action                   |  1- 3 |  4- 6 |  7- 9 || total
-------------------------+-------+-------+-------++-------
Melee: Flail             |   120 |   275 |   124 ||   519
Invok: Lunge             |       |     4 |     6 ||    10
       Whirlwind         |       |       |     1 ||     1
  Use: Scroll            |       |     2 |     3 ||     5
  Eat: Chunk             |     2 |     7 |     3 ||    12
Armor: Scale mail        |    61 |   128 |    46 ||   235
       Chain mail        |       |       |    40 ||    40
Dodge: Dodged            |    45 |    77 |    32 ||   154
Block: Shield            |    77 |   141 |    75 ||   293
